Unix NetHack Version 3.7.0-50 Work-in-progress - last build Feb 16 2022 05:10:45. Game began 2022-02-15 16:22:51, ended 2022-02-16 21:11:43. torpedovariant, lawful female human Cavewoman --------- |.......| ----- |.......| ---- ...| |..._...| |.. 4 5 5 ---------..-- ------- |.......| ------ --.4---------5 |.......|...-- --....... | |.......| | ......-- --...|.@.....| |.......|....---..)...... |. ----.---- .| ..%.....---..4.|.a.....| |..._.%.-....%%..% ...%.. |....$....%...| .$........-.....-%.A@A..|55 |.......|....---..)%%.... ---.........--- ...%.....---.5.4|aE.@D..| |.......|..)-- --...%$%.- -----%----- -.......-- --..4|....B..| ---------..-- ----)---- ..%.... ----[--- --.4--------- ...| ----.%.------- ........ ------- ..- |.. 1 5 5 ----- ...........%.| ........ |............ ---- .. ..%..%[...--.........--....%.........| ...........%.--....%..--...............| ..........%..----.----................| .............)))..%........... ... --- ------------------------ Torpedovariant the Wayfarer St:18/99 Dx:17 Co:18 In:12 Wi:17 Ch:11 Lawful Astral Plane $:0 HP:256(284) Pw:95(95) AC:-33 Exp:17 T:38389 Latest messages: You see here a fire ant corpse. You kill the giant ant! The fire ant turns to flee. The giant ant turns to flee. Kevin the invisible Excavator turns to flee. The blue dragon bites the vampire bat. The blue dragon hits the vampire bat. The blue dragon hits the vampire bat. The Angel of Moloch swings his long sword at the giant beetle. The Angel of Moloch hits the giant beetle. The Angel of Moloch swings his long sword at the giant beetle. The Angel of Moloch hits the giant beetle. The Angel of Moloch hits the giant beetle. You kill the giant ant! You see here a giant ant corpse. The giant beetle turns to flee. The earth elemental turns to flee. The blue dragon breathes lightning! The blast of lightning hits the high priest. The blast of lightning whizzes by you! You are blinded by the flash! Your arm tingles. The blast of lightning hits the high priest. "Mercy! Dost thou wish me to die of laughter?" What do you want to use or apply? [bcegjkqs-vzHJMNSXZ or ?*] You can see again. The vampire bat turns to flee. The blue dragon bites the giant beetle. The giant beetle is killed! The Angel of Anshar zaps you with a magic missile! The magic missile whizzes by you! The magic missile bounces! The magic missile whizzes by you! The magic missile misses the Angel of Anshar. "Only thy reflection could love thee!" The Angel of Moloch zaps you with a magic missile! The magic missile whizzes by you! The magic missile bounces! The magic missile hits the giant beetle! The Angel of Anshar wields a long sword! The vampire bat misses the blue dragon. The vampire bat misses the blue dragon. There is a high altar to Anu (lawful) here. What do you want to sacrifice? [W or ?*] You offer the Amulet of Yendor to Anu... An invisible choir sings, and you are bathed in radiance... The voice of Anu booms out: "Mortal, thou hast done well!" "In return for thy service, I grant thee the gift of Immortality!" You ascend to the status of Demigoddess... Do you want your possessions identified? [ynq] (y) Major events: Turn 1: torpedovariant the lawful human Cavewoman entered the dungeon 28: became literate by reading a book 730: hit with a wielded weapon for the first time 730: killed for the first time 886: ate for the first time - newt corpse 886: consumed animal products for the first time, by eating a newt corpse 1000: rejected atheism by offering a goblin corpse on an altar of Ishtar 1008: gained experience level 2 1094: entered new level 2, The Dungeons of Doom 1328: entered new level 3, The Dungeons of Doom 1478: entered new level 1, The Gnomish Mines 1478: entered the Gnomish Mines 1491: entered a shop 1526: read a Discworld novel 1526: attained the rank of Aborigine (level 3) 1781: gained experience level 4 2172: entered new level 2, The Gnomish Mines 2634: gained experience level 5 2850: entered new level 3, The Gnomish Mines 2858: entered new level 4, The Gnomish Mines 3431: attained the rank of Wanderer (level 6) 3448: reached Mine Town 3577: entered a temple 4369: gained experience level 7 5782: entered new level 4, The Dungeons of Doom 6327: entered new level 5, The Dungeons of Doom 6345: entered new level 8, The Dungeons of Doom 6357: entered new level 9, The Dungeons of Doom 6420: entered new level 7, The Dungeons of Doom 6737: gained experience level 8 6806: performed her first genocide (disenchanters) 6826: entered new level 6, The Dungeons of Doom 7287: made her first wish - "blessed greased +2 gray dragon scale mail" 7500: entered new level 4, Sokoban 7500: entered Sokoban 7772: entered new level 3, Sokoban 8268: gained experience level 9 8490: entered new level 2, Sokoban 8869: entered new level 1, Sokoban 10138: attained the rank of Vagrant (level 10) 10671: entered new level 5, The Gnomish Mines 10865: entered new level 6, The Gnomish Mines 11061: entered new level 7, The Gnomish Mines 11201: entered new level 8, The Gnomish Mines 11925: acquired the Mines' End luckstone 13214: had Snickersnee bestowed upon her by Anu 13940: entered new level 10, The Dungeons of Doom 14151: entered new level 11, The Dungeons of Doom 15634: entered new level 12, The Dungeons of Doom 15999: entered new level 13, The Dungeons of Doom 16150: gained experience level 11 16326: entered new level 14, The Dungeons of Doom 16592: entered new level 15, The Dungeons of Doom 17276: entered new level 16, The Dungeons of Doom 17458: entered new level 17, The Dungeons of Doom 17840: entered new level 18, The Dungeons of Doom 18474: entered new level 19, The Dungeons of Doom 18513: entered new level 20, The Dungeons of Doom 18949: gained experience level 12 19335: entered new level 21, The Dungeons of Doom 19697: entered new level 22, The Dungeons of Doom 20092: entered new level 23, The Dungeons of Doom 20380: entered new level 24, The Dungeons of Doom 20998: entered new level 25, The Dungeons of Doom 21192: entered new level 26, The Dungeons of Doom 22078: entered new level 28, The Dungeons of Doom 22273: entered new level 27, The Dungeons of Doom 22285: killed Medusa 22866: gained experience level 13 24280: has been given Excalibur, and now enjoys supreme executive power 25814: genocided class L 25840: entered new level 1, Gehennom 25840: entered Gehennom 26568: wished for "blessed fixed greased boots of speed" 26579: wished for "uncursed magic marker" 28738: attained the rank of Wayfarer (level 14) 28761: gained experience level 15 28802: gained experience level 16 29917: entered new level 1, The Quest 30427: entered new level 2, The Quest 30612: entered new level 3, The Quest 30954: entered new level 4, The Quest 31219: entered new level 5, The Quest 31457: entered new level 6, The Quest 31470: killed the Chromatic Dragon 31471: acquired the Bell of Opening 32346: polymorphed her first item 32769: wished for "blessed fixed ring of levitation" 33047: entered new level 2, Gehennom 33188: entered new level 3, Gehennom 33522: entered new level 4, Gehennom 33602: entered new level 5, Gehennom 33606: bribed Asmodeus with 1 zorkmid for safe passage 33976: entered new level 6, Gehennom 33991: entered new level 7, Gehennom 34235: killed Juiblex 34341: entered new level 8, Gehennom 34384: entered new level 9, Gehennom 34778: bribed Baalzebub with 1 zorkmid for safe passage 34802: entered new level 10, Gehennom 34835: entered new level 11, Gehennom 34894: entered new level 12, Gehennom 34917: entered new level 3, Vlad's Tower 35023: entered new level 2, Vlad's Tower 35147: entered new level 1, Vlad's Tower 35216: destroyed Vlad the Impaler 35219: acquired the Candelabrum of Invocation 35473: entered new level 13, Gehennom 35490: killed Orcus 35911: entered new level 14, Gehennom 35917: wished for "blessed ring of conflict" 35951: wished for "blessed magic marker" 36049: entered new level 15, Gehennom 36108: entered new level 16, Gehennom 36154: entered new level 17, Gehennom 36173: entered new level 18, Gehennom 36198: entered new level 19, Gehennom 36596: killed the Wizard of Yendor 36611: acquired the Book of the Dead 36711: genocided class h 36745: performed the invocation 36749: entered new level 20, Gehennom 36863: killed the high priest of Moloch 36868: acquired The Amulet of Yendor 36917: gained experience level 17 37931: entered new level 5, The Elemental Planes 37931: entered the Planes 37999: entered new level 4, The Elemental Planes 38068: entered new level 3, The Elemental Planes 38074: entered new level 2, The Elemental Planes 38075: genocided class ; 38215: entered new level 1, The Elemental Planes 38215: entered the Astral Plane 38229: killed Famine 38285: killed Pestilence 38373: killed the invisible Death Inventory: Amulets w - an uncursed amulet of life saving (being worn) Weapons a - the blessed +6 Sceptre of Might (weapon in hand) Armor A - a blessed +4 Hawaiian shirt with a jellyfish motif named "jellyfish on a green background" (being worn) B - a cursed greased +4 gray dragon scale mail (being worn) C - a blessed greased burnt +4 cloak of protection (being worn) D - a blessed fireproof +5 pair of speed boots (being worn) E - an uncursed very burnt +2 pair of leather gloves (being worn) F - a blessed greased +1 helmet (being worn) G - a blessed +5 shield of reflection (being worn) Comestibles L - a cursed lizard corpse named KFC Spellbooks H - the uncursed Book of the Dead Rings r - an uncursed ring of conflict (on right hand) U - a blessed ring of free action (on left hand) Wands c - an uncursed wand of teleportation (0:2) g - an uncursed wand of digging (0:0) j - an uncursed wand of digging (0:7) z - an uncursed wand of digging named empty (0:0) J - a cursed wand of death (1:2) M - an uncursed wand of death (0:0) S - an uncursed wand of teleportation named empty (0:0) Z - an uncursed wand of teleportation (0:6) Tools b - a blessed greased bag of holding containing 85 items e - a blessed stethoscope k - a cursed skeleton key q - a blessed magic marker (0:4) s - an uncursed sack named cancellation containing 2 items t - a blessed towel u - a blessed +0 unicorn horn named Lh; dis v - an uncursed magic lamp (lit) N - the uncursed Candelabrum of Invocation (0 of 7 candles attached) X - the cursed Bell of Opening (0:1) Gems/Stones x - a blessed luckstone Contents of the bag of holding: 13 gold pieces a cursed amulet of restful sleep a blessed amulet versus poison an uncursed amulet of life saving an uncursed amulet of reflection a blessed +0 aklys the blessed rustproof +2 Excalibur an uncursed +0 pair of water walking boots an uncursed +0 oilskin cloak a blessed +1 mummy wrapping 9 uncursed food rations an uncursed lizard corpse named MCD an uncursed scroll of light a blessed scroll of scare monster 7 uncursed scrolls of blank paper 2 cursed scrolls of blank paper a blessed scroll of charging a cursed scroll of create monster an uncursed scroll of earth an uncursed scroll of enchant armor an uncursed scroll of enchant weapon a blessed scroll of fire an uncursed scroll of food detection a cursed scroll of food detection 2 blessed scrolls of genocide 2 uncursed scrolls of remove curse 2 uncursed scrolls of stinking cloud an uncursed scroll of teleportation 2 uncursed potions of enlightenment 17 potions of holy water 11 uncursed potions of water 3 potions of unholy water 2 blessed diluted potions of full healing an uncursed potion of gain energy an uncursed potion of healing 4 blessed potions of levitation an uncursed potion of levitation a blessed potion of speed 2 uncursed potions of speed an uncursed ring of conflict an uncursed ring of free action a blessed ring of levitation a blessed +1 ring of protection a blessed ring of teleport control an uncursed ring of teleport control an uncursed ring of teleport control an uncursed wand of secret door detection (0:11) an uncursed wand of secret door detection (0:12) an uncursed wand of cold (0:7) an uncursed wand of digging (0:4) an uncursed wand of digging (0:6) an uncursed wand of digging (0:8) an uncursed wand of digging (0:4) an uncursed wand of digging (0:2) an uncursed wand of digging (0:7) an uncursed wand of digging (0:4) an uncursed wand of enlightenment (0:13) a blessed wand of fire (0:5) an uncursed wand of lightning (0:7) an uncursed wand of magic missile (0:3) an uncursed wand of magic missile (0:4) an uncursed wand of magic missile (0:7) an uncursed wand of magic missile (0:3) an uncursed wand of magic missile (0:8) an uncursed wand of magic missile (0:7) an uncursed wand of make invisible (0:4) an uncursed wand of make invisible (0:7) an uncursed wand of polymorph (0:7) an uncursed wand of polymorph (0:1) an uncursed wand of sleep (0:8) an uncursed wand of sleep (0:6) an uncursed wand of sleep (0:5) an uncursed wand of sleep (0:3) an uncursed wand of speed monster (0:3) an uncursed wand of striking (0:2) an uncursed wand of striking (0:6) an uncursed wand of striking (0:5) an uncursed wand of striking (0:0) an uncursed wand of striking (0:2) an uncursed wand of striking (0:7) an uncursed bugle 3 uncursed tallow candles an uncursed can of grease (0:16) an uncursed +0 pick-axe a blessed luckstone Contents of the sack named cancellation: an uncursed wand of cancellation (0:4) an uncursed wand of cancellation (0:2) Torpedovariant the Cavewoman's attributes: Background: You were a Wayfarer, a level 17 human Cavewoman. You were lawful, on a mission for Anu who was opposed by Ishtar (neutral) and Anshar (chaotic). You were in the endgame, on the Astral Plane. You entered the dungeon 38389 turns ago. There was a full moon in effect when your adventure ended. You had 671856 experience points, 608144 more were needed to attain level 18. Basics: You had 256 out of 284 hit points. You had all 95 energy points (spell power). Your armor class was -33. Your wallet was empty. Autopickup was off. Final Characteristics: Your strength was 18/99 (peak:18/100, limit:18/100). Your dexterity was 17 (peak:18, limit:18). Your constitution was 18 (limit:18). Your intelligence was 12 (limit:18). Your wisdom was 17 (limit:18). Your charisma was 11 (limit:18). Final Status: You were not hungry. You were unencumbered. You were wielding a mace. You had expert skill with mace. Final Attributes: You were piously aligned. You were magic-protected. You were fire resistant. You were cold resistant. You were sleep resistant. You were disintegration-resistant. You were shock resistant. You were poison resistant. You saw invisible. You were telepathic. You were warned. You were invisible to others. You were stealthy. You caused conflict. You had a small defense bonus (+3). You were protected. You were very fast. You had reflection. You had free action. Your life would have been saved. You were extremely lucky. You had extra luck. Good luck did not time out for you. You survived. Miscellaneous: You never encountered a bones level. Total elapsed playing time was 5 hours, 17 minutes and 29 seconds. Vanquished creatures: Orcus Juiblex the Wizard of Yendor (4 times) Death Pestilence (twice) Famine (thrice) Vlad the Impaler a high cleric Medusa 14 krakens a master lich a glass golem a balrog the Chromatic Dragon 3 purple worms a gray dragon a gold dragon a silver dragon 2 red dragons a white dragon 2 orange dragons 2 black dragons 2 blue dragons a green dragon 2 yellow dragons 11 minotaurs 2 jabberwocks 3 baluchitheria 12 Angels a master mind flayer 2 Olog-hai 2 Nazgul 2 pit fiends 2 sandestins a displacer beast a titanothere a trapper a baby gray dragon a baby silver dragon a baby yellow dragon a guardian naga 2 genetic engineers 21 vampire leaders 4 skeletons 10 aligned clerics 4 captains 4 shades 5 liches a clay golem a nurse 4 ice devils a nalfeshnee a lurker above an Aleax 2 frost giants 5 ettins 4 black puddings 21 vampires a lieutenant 27 ghosts 4 queen bees 2 winged gargoyles 4 mind flayers 5 giant mimics 2 long worms 3 zruties 2 fire giants 6 ogre tyrants 3 umber hulks 3 elven monarchs a doppelganger 3 hezrous 8 bone devils 8 large mimics a wumpus a couatl 4 stalkers 11 air elementals 4 fire elementals 6 earth elementals 5 water elementals 27 hill giants 5 giant mummies a black naga 5 xorns 13 giant zombies 5 elf-nobles 14 sergeants 6 barbed devils 10 vrocks 6 wargs 3 winter wolves 3 hell hound pups 13 small mimics a glass piercer 8 warhorses 2 steam vortices 5 xans an ettin mummy 4 ogre leaders 6 quantum mechanics 8 trolls a sasquatch a wood golem 2 erinyes 4 mariliths 8 sharks 12 electric eels 2 gelatinous cubes 4 large dogs 5 freezing spheres 4 flaming spheres 4 shocking spheres 2 large cats 6 tigers 5 gargoyles 3 dwarf rulers a tengu 7 ochre jellies 3 leocrottas 5 energy vortices 4 mountain centaurs 4 stone giants 3 human mummies 5 red nagas 2 green slimes 2 pythons 3 pit vipers a cobra 32 wraiths 4 carnivorous apes 12 ettin zombies a Grey-elf 68 soldiers 3 watchmen 2 amorous demons 4 horned devils 6 chameleons 4 crocodiles 29 giant beetles 3 quivering blobs 8 cockatrices 4 wolves 9 winter wolf cubs 3 lynxes 2 panthers 7 gremlins a spotted jelly 10 leprechauns an orc-captain 7 iron piercers a mumak 9 giant spiders 3 scorpions 7 horses a black light 7 vampire bats 2 forest centaurs 8 gnome rulers 3 orc mummies 5 dwarf mummies 5 ogres 7 brown puddings 5 rust monsters 4 owlbears 7 yetis a gold golem 3 werewolves 7 Green-elves 5 piranha 35 giant eels 11 lizards 12 chickatrices 2 dingoes 2 dogs 3 housecats 6 jaguars 10 dwarf leaders 6 blue jellies a white unicorn a gray unicorn 9 dust vortices 14 ravens 5 plains centaurs 2 gnome mummies 3 snakes 2 apes 21 human zombies 4 rope golems 22 Woodland-elves 23 soldier ants 25 fire ants 61 bugbears an imp 3 lemures 2 quasits 4 wood nymphs 5 water nymphs 4 mountain nymphs 23 Mordor orcs 2 orc shamans 8 rock piercers 3 rock moles 5 ponies 2 fog clouds 9 yellow lights 2 shriekers 6 violet fungi 20 gnome leaders 9 gnomish wizards 4 kobold mummies a red naga hatchling 6 gray oozes 3 barrow wights 8 elf zombies 13 ghouls 4 straw golems a paper golem 6 jellyfish 32 giant ants 2 little dogs 8 floating eyes 22 dwarves 6 homunculi 2 kobold leaders 2 kobold shamans 8 hill orcs 11 rothes a rabid rat a centipede 7 giant bats 9 monkeys 13 orc zombies 11 dwarf zombies 2 wererats 2 werejackals 7 iguanas 139 killer bees 4 acid blobs 3 coyotes 2 gas spores 10 hobbits 8 manes 2 large kobolds 10 hobgoblins 7 giant rats 9 cave spiders 2 brown molds 6 yellow molds 3 green molds 3 red molds 71 gnomes 14 garter snakes 6 gnome zombies 12 geckos 9 jackals 6 foxes 2 kobolds 10 goblins a sewer rat 17 grid bugs 5 bats 13 lichens 13 kobold zombies 17 newts 1843 creatures vanquished. Genocided or extinct species: killer bees (extinct) hobbits dwarves bugbears dwarf leaders dwarf rulers mind flayers master mind flayers liches demiliches master liches arch-liches disenchanters erinyes (extinct) jellyfish piranha sharks giant eels electric eels krakens 18 species genocided. 2 species extinct. Voluntary challenges: You read items or engraved 118 times. You engraved Elbereth 1 time. You genocided 18 types of monsters. You never changed form. You used 6 wishes. You did not wish for any artifacts. You did not violate any of the special Sokoban rules. Achievements: You entered the Gnomish Mines. You entered a shop. You read from a Discworld novel. You attained the rank of Aborigine. You attained the rank of Wanderer. You entered Minetown. You entered a temple. You entered Sokoban. You attained the rank of Vagrant. You completed the Gnomish Mines. You defeated Medusa. You entered Gehennom. You attained the rank of Wayfarer. You had the Bell of Opening. You had the Candelabrum of Invocation. You had the Book of the Dead. You gained access to Moloch's Sanctum. You reached the Elemental Planes. You reached the Astral Plane. You delivered the Amulet of Yendor. You ascended! The Elemental Planes: Astral Plane: <- You are here. Many temples. Plane of Water: Plane of Fire: Plane of Air: Plane of Earth: The Dungeons of Doom: levels 1 to 28 Level 1: An altar, a grave. One way stairs up to The Elemental Planes. Level 2: A scroll shop, an altar to Anu. Stairs down to The Gnomish Mines. Level 3: A shop, an altar to Anu, a sink. Level 4: Level 5: A fountain. Oracle of Delphi. Level 6: Stairs up to Sokoban, level 5. Level 7: Some fountains, a grave. Level 8: A grave. Level 9: Level 10: A general store, an altar to Anu. Level 11: A grave. Portal to The Quest. Level 12: Level 13: A fountain. Level 14: A fountain. Level 15: An altar to Anu, a fountain. Level 16: A grave. Level 17: Level 18: A primitive area. Level 19: Some fountains. Level 20: Level 21: Level 22: An altar to Anu. Level 23: Level 24: A sink, a grave. Level 25: Level 26: A shop, an altar to Anu. Level 27: A fountain, many trees. Level 28: A fountain. The castle. Connection to Gehennom. Gehennom: levels 29 to 48 Level 29: "stash chest crap /" A temple, many graves. Valley of the Dead. Level 30: Level 31: Level 32: Level 33: Level 34: Level 35: A fountain. Level 36: Level 37: Level 38: Level 39: Stairs up to Vlad's Tower, level 38. Level 40: Some shops, an altar, many graves. Level 41: Level 42: Level 43: Level 44: Level 45: Level 46: Level 47: Level 48: A temple, many graves. Moloch's Sanctum. The Gnomish Mines: levels 3 to 10 Level 3: "bag of tricks stash >" Level 4: "leprechaun" Level 5: Level 6: Many shops, a temple, some fountains, a sink. Level 7: Level 8: Level 9: Level 10: The Quest: levels 1 to 6 Level 1: A temple to Anu. Completed quest for Shaman Karnov. Level 2: Level 3: Level 4: Level 5: Level 6: Sokoban: levels 5 up to 2 Level 2: "backup holding" Solved. Level 3: Solved. Level 4: Solved. Level 5: Solved. Vlad's Tower: levels 38 up to 36 Level 36: Level 37: Level 38: Goodbye torpedovariant the Demigoddess... You went to your reward with 2006898 points, The Sceptre of Might (worth 2500 zorkmids and 6250 points) Excalibur (worth 4000 zorkmids and 10000 points) The Book of the Dead (worth 10000 zorkmids and 25000 points) The Candelabrum of Invocation (worth 5000 zorkmids and 12500 points) The Bell of Opening (worth 5000 zorkmids and 12500 points) and 13 pieces of gold, after 38389 moves. You were level 17 with a maximum of 284 hit points when you ascended.